 Dungeon Crawl Stone Soup version 0.16-a0-3483-g6616b5b (webtiles) character file.

214542 NewYearsCrawler the Executioner (level 19, -2/228 HPs)
             Began as a Formicid Fighter on Jan 4, 2015.
             Was the Champion of Okawaru.
             Slain by the royal jelly (45 damage)
             ... on level 6 of the Pits of Slime.
             The game lasted 02:25:52 (31883 turns).

NewYearsCrawler the Executioner (Formicid Fighter) Turns: 31883, Time: 02:25:52

Health: -2/228     AC:  9    Str: 35 (36) XL:     19   Next: 72%
Magic:  22/22      EV:  4    Int:  7 (8)  God:    Okawaru [******]
Gold:   1776       SH: 21    Dex: 13      Spells: 0 memorised, 18 levels left

rFire  + . .     SeeInvis .     w - +9 battleaxe of the Madman {holy, MR+}
rCold  + . .     Clarity  +     P - melded +15 Maxwell's patent armour {-Cast -Tele rElec MR+ rCorr}
rNeg   + + +     SustAb   .     H - +5 shield of Valour {rF+ rC+ rCorr}
rPois  +         Gourm    .     (helmet unavailable)
rElec  .         Spirit   .     U - melded +0 cloak {rPois}
rCorr  +         Warding  .     c - melded +2 pair of gloves {Str+3}
rMut   .         Stasis   +     Q - melded +2 pair of boots of the Assassin {Stlth++}
MR     ++++.                    G - amulet "Visk" {Str+2 Dex+3 Regen}
Stlth  ++++......               Y - +5 ring of slaying
                                g - +6 ring of evasion

@: mighty, tree-form, heroism, corroded equipment, incredibly resistant to
hostile enchantments, stealthy
A: permanent stasis, dig shafts and tunnels, four strong arms, (antennae 0),
(beak), (claws 0), repulsion field 1, (icy blue scales 0), clarity,
deterioration 1, (fire resistance 0), frail 1, magic resistance 2, mutation
resistance 1, (electricity resistance)
a: Heroism, Renounce Religion
}: 1/15 runes: serpentine


You were on level 6 of the Pits of Slime.
You worshipped Okawaru.
Okawaru was exalted by your worship.
You were not hungry.
You were a tree.
You visited 7 branches of the dungeon, and saw 40 of its levels.
You also visited: Ice Cave.

You collected 3328 gold pieces.
You spent 1552 gold pieces at shops.

Inventory:

Hand weapons
 a - a +3 battleaxe of flaming
 w - the +9 battleaxe of the Madman (weapon) {holy, MR+}
   (Okawaru gifted it to you on level 15 of the Dungeon)

   It has been blessed by the Shining One to cause great damage to the undead
   and demons.
   It affects your resistance to hostile enchantments.
Missiles
 j - 27 javelins (quivered)
 J - 23 tomahawks
Armour
 c - a +2 pair of gloves of strength (melded)
 H - the +5 shield of Valour (worn) {rF+ rC+ rCorr}
   (Okawaru gifted it to you on level 4 of the Snake Pit)

   It protects you from fire.
   It protects you from cold.
   It protects you from acid and corrosion.
 P - the +15 Maxwell's patent armour (melded) {-Cast -Tele rElec MR+ rCorr}
   (Okawaru gifted it to you in an ice cave)

   It insulates you from electricity.
   It affects your resistance to hostile enchantments.
   It prevents spellcasting.
   It prevents most forms of teleportation.
   It protects you from acid and corrosion.
 Q - the +2 pair of boots of the Assassin (melded) {Stlth++}
   (You found it on level 8 of the Lair of Beasts)

   It makes you much more stealthy.
 U - a +0 cloak of poison resistance (melded)
Jewellery
 g - a +6 ring of evasion (left branch)
 G - the amulet "Visk" (around neck) {Str+2 Dex+3 Regen}
   (You acquired it on level 9 of the Dungeon)

   [amulet of regeneration]

   It affects your strength (+2).
   It affects your dexterity (+3).
   It increases your rate of regeneration.
 N - an uncursed amulet of warding
 S - an uncursed ring of protection from cold
 W - an uncursed ring of sustain abilities
 Y - a +5 ring of slaying (right branch)
Magical devices
 k - a wand of fireball (2)
 l - a wand of cold (13)
 m - a wand of teleportation (9)
 o - a wand of draining (4)
 x - a wand of disintegration (10)
 y - a wand of fire (4)
 A - a wand of frost (19)
 E - a wand of teleportation (4)
 I - a wand of fire (6)
Scrolls
 b - 3 scrolls of fog
 h - 5 scrolls of magic mapping
 n - 6 scrolls of amnesia
 p - 7 scrolls of identify
 q - 11 scrolls of remove curse
 s - a scroll of summoning
 C - 4 scrolls of fear
 O - 2 scrolls of enchant weapon
Potions
 e - 7 potions of might
 r - 7 potions of curing
 t - 2 potions of agility
 u - 2 potions of resistance
 B - 6 potions of brilliance
 D - 3 potions of flight
 K - 2 potions of restore abilities
 M - 7 potions of heal wounds
 R - 2 potions of cure mutation
 Z - a potion of cancellation
Comestibles
 d - 15 bread rations
 f - 17 meat rations
 i - 33 fruits
 v - 10 slices of pizza
 z - 8 beef jerkies
 F - 5 royal jellies


   Skills:
 * Level 20.2(25.2) Fighting
 - Level 22.0(27) Axes
 - Level 12.1(17.1) Armour
 - Level 11.1(16.1) Shields


You had 18 spell levels left.
You didn't know any spells.

Dungeon Overview and Level Annotations

Branches:
Dungeon (15/15)            Temple (1/1) D:4            Lair (8/8) D:11
  Swamp (0/5) Lair:6        Snake (5/5) Lair:6        Slime (6/6) Lair:6
    Orc (4/4) D:10            Elf (0/3) Orc:3        Vaults (0/5) D:14
 Depths (1/5) D:15

Altars:
Ashenzari
Cheibriados
Dithmenos
Elyvilon
Fedhas
Gozag
Kikubaaqudgha
Makhleb
Nemelex Xobeh
Okawaru
Qazlal
Ru
Sif Muna
Trog
Vehumet
Xom
Yredelemnul
Zin
The Shining One
Beogh
Jiyva

Shops:
D:5 (   D:7 %%(=(   D:8 [?   D:12 !   Orc:1 (   Orc:4 [**(

Annotations:
Slime:6 Royal Jelly


Innate Abilities, Weirdness & Mutations

You are under a permanent stasis effect.
You can dig through walls and to a lower floor.
Your four strong arms can wield two-handed weapons with a shield.
((You have a pair of large antennae on your head (SInv).))
((You have a beak for a mouth.))
((You have sharp fingernails.))
You are surrounded by a mild repulsion field (EV +2).
((You are partially covered in icy blue scales (AC +1).))
You possess an exceptional clarity of mind.
Your body is slowly deteriorating.
((Your flesh is heat resistant.))
You are frail (-10% HP).
You are highly resistant to hostile enchantments.
You are somewhat resistant to further mutation.
((You are resistant to electric shocks.))


Message History

The royal jelly is almost dead.
The royal jelly shudders.
The royal jelly spits out another jelly.
The royal jelly hits you!!!
You are splashed with acid!
The acid burns!
You resist.
* * * LOW HITPOINT WARNING * * *
The royal jelly hits you!
* * * LOW HITPOINT WARNING * * *
You are splashed with acid!
The acid burns!
You resist.
* * * LOW HITPOINT WARNING * * *
You slice the royal jelly!!
The royal jelly is almost dead.
You slice the death ooze!!
The death ooze convulses!
The death ooze is heavily damaged.
The royal jelly shudders.
The royal jelly spits out another jelly.
You slice the death ooze!!
The death ooze convulses!!
The death ooze is severely damaged.
The royal jelly hits you!!!
You die...

#...{G.J. #.{_.# #.{#
##{# #.{# #.## #.J# #.
##J# #... #♣J# ##.....
... #J## ##.......
...####J.###........
......................
......................
......................
.....................
.....................
.....................


You could see the royal jelly, an acid blob and 3 death oozes.

Vanquished Creatures
  10 acid blobs
  Rupert (Snake:5)
  Frances (Snake:2)
  9 greater nagas
  4 azure jellies
  5 dire elephants (Lair:8)
  The ghost of NewYearsCrawler the Severer, a powerful FoFi of Okawaru (Orc:4)
  3 death oozes (Slime:6)
  5 vault guards (D:14)
  A great orb of eyes (D:13)
  The ghost of NewYearsCrawler the Severer, a powerful FoFi of Okawaru (D:11)
  A rakshasa (D:15)
  Harold (D:13)
  3 hydras
  12 naga warriors
  Nessos (D:14)
  Erica (Orc:3)
  The ghost of Vidiiot the Covert, a powerful VSWz of Trog (Orc:4)
  15 anacondas
  4 centaur warriors
  4 tengu warriors
  6 orc high priests
  18 death yaks
  24 naga sharpshooters
  11 shock serpents
  A catoblepas (Lair:6)
  The ghost of asdu the Cleaver, an experienced HOSk of Okawaru (D:8)
  Erolcha (D:13)
  3 salamander mystics
  7 sea snakes
  4 unseen horrors
  10 naga ritualists
  An ice statue (IceCv)
  A giant orange brain (Slime:6)
  7 hill giants
  2 necromancers
  2 wizards (D:15)
  8 orc knights
  A deep elf conjurer (D:15)
  4 mana vipers
  4 orc sorcerers
  3 oklob plants (Lair:6)
  The ghost of asdu the Carver, an experienced VSGl of Makhleb (D:11)
  2 griffons
  A manticore (D:11)
  A shining eye (Slime:6)
  2 cyclopes
  13 ugly things
  A rust devil (Snake:2)
  7 salamanders
  32 black mambas
  8 elephants (Lair:8)
  A smoke demon (D:13)
  2 spiny frogs (Lair:6)
  6 centaur skeletons
  4 gargoyles
  4 kobold demonologists
  9 komodo dragons
  24 naga magi
  A yaktaur (D:15)
  2 tengu conjurers (D:15)
  2 guardian serpents
  2 wolf spider simulacra
  10 freezing wraiths (IceCv)
  A hornet zombie (D:15)
  2 trolls
  2 blue devils
  17 blink frogs
  31 slime creatures
  A baby alligator (shapeshifter) (D:15)
  8 centaur simulacra
  A boulder beetle (Lair:4)
  9 ravens
  A blink frog (shapeshifter) (D:15)
  37 yaks
  2 water elementals (D:12)
  A wraith (D:11)
  A human (D:7)
  4 basilisks
  A human (shapeshifter) (D:14)
  A shadow (D:13)
  2 wyverns
  10 golden eyes
  8 hippogriffs
  4 mottled dragons
  A steam dragon (D:12)
  A deep elf fighter (D:14)
  58 nagas
  2 death yak simulacra (IceCv)
  2 wargs
  A hungry ghost (D:7)
  8 wolves
  9 ice beasts
  9 porcupines
  3 sky beasts
  A harpy simulacrum (D:15)
  A necrophage (D:11)
  38 water moccasins
  33 orc warriors
  2 wasps (D:15)
  5 eyes of draining
  The ghost of ConnectionFaild the Grave Robber, an average DDNe (D:4)
  3 phantoms
  10 ogres
  9 crocodiles
  8 big kobolds
  16 centaurs
  13 giant frogs
  Blork the orc (D:7)
  4 scorpions
  A wyvern skeleton (D:14)
  An elephant simulacrum (IceCv)
  2 vampire bats (D:12)
  13 killer bees
  13 wights
  8 jellies
  4 goliath beetles
  9 crimson imps
  39 orc priests
  2 centaur zombies
  5 electric eels
  4 giant frog zombies
  2 quasits
  A giant frog skeleton (D:7)
  A wasp zombie (D:13)
  3 draconian simulacra (IceCv)
  11 hounds
  6 iguanas
  27 orc wizards
  2 polar bear simulacra (Lair:8)
  14 worker ants
  A yak simulacrum (Lair:8)
  4 wolf simulacra (Lair:8)
  A spriggan simulacrum (IceCv)
  5 troll simulacra (IceCv)
  15 sheep
  2 hound skeletons
  A mummy (D:15)
  Robin (D:3)
  13 gnolls
  3 naga simulacra (IceCv)
  2 ogre simulacra (IceCv)
  65 river rats
  22 adders
  13 white imps
  2 worms
  2 giant mites
  4 shadow imps
  An ufetubus (D:13)
  An adder zombie (D:8)
  An adder skeleton (D:10)
  2 oozes
  206 orcs
  3 ball pythons
  19 bats
  4 giant cockroaches
  32 goblins
  24 hobgoblins
  10 jackals
  3 giant geckos
  3 giant newts
  A giant spore (D:6)
  A goblin skeleton (D:4)
  2 goblin zombies (D:4)
  A hobgoblin zombie (D:4)
  71 kobolds
  4 orc zombies (D:4)
  11 quokkas
  2 quokka skeletons
  19 rats
  4 river rat simulacra (Lair:8)
  11 ballistomycetes (D:6)
  2 fungi
  17 plants
1500 creatures vanquished.

Vanquished Creatures (collateral kills)
  A quokka (Lair:6)
1 creature vanquished.

Vanquished Creatures (others)
  Josephine (D:13)
  A necromancer (D:15)
  A yak (Lair:6)
  A centaur (D:15)
  A giant frog (Lair:6)
  An orc (D:6)
  2 giant spores (D:6)
  A fungus (Lair:5)
  3 plants
12 creatures vanquished.

Grand Total: 1513 creatures vanquished

Notes
Turn   | Place    | Note
--------------------------------------------------------------
     0 | D:1      | NewYearsCrawler, the Formicid Fighter, began the quest for the Orb.
     0 | D:1      | Reached XP level 1. HP: 18/18 MP: 1/1
   300 | D:1      | Reached XP level 2. HP: 17/24 MP: 3/3
   470 | D:1      | Reached skill level 4 in Shields
  1056 | D:2      | Reached XP level 3. HP: 29/29 MP: 4/4
  1107 | D:2      | Found an ancient bone altar of Kikubaaqudgha.
  1609 | D:2      | Reached XP level 4. HP: 28/35 MP: 5/5
  1771 | D:3      | Reached skill level 5 in Shields
  1820 | D:3      | Reached XP level 5. HP: 35/41 MP: 7/7
  2865 | D:3      | Reached XP level 6. HP: 34/47 MP: 8/8
  3008 | D:4      | Noticed Robin
  3108 | D:3      | Reached skill level 6 in Shields
  3337 | D:3      | Killed Robin
  3623 | D:4      | Found a staircase to the Ecumenical Temple.
  3633 | Temple   | Entered the Ecumenical Temple
  3753 | D:4      | Noticed ConnectionFaild's ghost (average DDNe)
  3788 | D:4      | Killed ConnectionFaild's ghost
  3788 | D:4      | Reached skill level 5 in Axes
  3788 | D:4      | Reached skill level 7 in Shields
  3788 | D:4      | Reached XP level 7. HP: 46/52 MP: 9/9
  3896 | D:4      | Found a bloodstained altar of Trog.
  4042 | D:4      | Found a glowing golden altar of the Shining One.
  4732 | D:4      | Found a shattered altar of Ashenzari.
  4779 | D:5      | Entered Level 5 of the Dungeon
  4865 | D:5      | Reached XP level 8. HP: 58/58 MP: 11/11
  5342 | D:5      | Found Haebb's Antique Weapon Shop.
  5391 | D:5      | Reached skill level 8 in Shields
  5395 | D:5      | Gained mutation: You are surrounded by a mild repulsion field (EV +2). [mutagenic meat]
  5396 | D:5      | Gained mutation: You are agile. (Dex +2) [mutagenic meat]
  5435 | D:5      | Found a blossoming altar of Fedhas.
  5870 | D:5      | Reached skill level 9 in Shields
  5974 | D:5      | Bought a glowing battleaxe for 175 gold pieces
  6311 | D:6      | Reached XP level 9. HP: 25/64 MP: 12/12
  6316 | D:6      | Gained mutation: You are resistant to hostile enchantments. [mutagenic meat]
  6317 | D:6      | Gained mutation: You are partially covered in icy blue scales (AC +1). [mutagenic meat]
  6858 | D:6      | Reached skill level 10 in Shields
  6990 | D:6      | Found a stormy altar of Qazlal.
  6993 | D:6      | Found a deep blue altar of Sif Muna.
  6998 | D:6      | Found a burning altar of Makhleb.
  7149 | D:7      | Found Imaycadi's Antique Weapon Emporium.
  7399 | D:7      | Found Yshafunath's Food Shop.
  7399 | D:7      | Found Luxuvuul's Weapon Shop.
  7405 | D:7      | Bought a beef jerky for 18 gold pieces
  7405 | D:7      | Bought 3 fruits for 54 gold pieces
  7405 | D:7      | Bought a slice of pizza for 18 gold pieces
  7443 | D:7      | Found Emialac's Jewellery Boutique.
  7611 | D:7      | Noticed Blork the orc
  7615 | D:7      | Killed Blork the orc
  7709 | D:7      | Found a glowing silver altar of Zin.
  7797 | D:7      | Found Onusotiu's Food Shoppe.
  7835 | D:7      | Bought a meat ration for 60 gold pieces
  7865 | D:7      | Reached skill level 11 in Shields
  7961 | D:7      | Reached XP level 10. HP: 59/70 MP: 13/13
  7965 | D:7      | Gained mutation: Your spells are a little easier to cast, but a little less powerful. [mutagenic meat]
  8109 | D:8      | Found a radiant altar of Vehumet.
  8112 | D:8      | Noticed asdu's ghost (experienced HOSk)
  8125 | D:8      | Killed asdu's ghost
  8125 | D:8      | Reached skill level 10 in Axes
  8132 | D:8      | Found Doppef's Magic Scroll Boutique.
  8544 | D:8      | Found Kuafo's Antique Armour Boutique.
  8566 | D:8      | Bought a pair of embroidered boots for 108 gold pieces
  8800 | D:9      | Found an iron altar of Okawaru.
  8841 | D:9      | Became a worshipper of Warmaster Okawaru
  8878 | D:9      | Lost mutation: Your spells are a little easier to cast, but a little less powerful. [potion of mutation]
  8878 | D:9      | Gained mutation: You are dopey. (Int -2) [potion of mutation]
  8878 | D:9      | Lost mutation: You are dopey. (Int -2) [potion of mutation]
  8883 | D:9      | Gained mutation: You are frail (-10% HP). [potion of mutation]
  8883 | D:9      | Gained mutation: Your system is resistant to poisons. [potion of mutation]
  8883 | D:9      | Gained mutation: You are resistant to electric shocks. [potion of mutation]
  8884 | D:9      | Gained mutation: You can spit poison. [potion of mutation]
  8884 | D:9      | Gained mutation: You have an increased reservoir of magic (+10% MP). [potion of mutation]
  8884 | D:9      | Lost mutation: You can spit poison. [potion of mutation]
  9214 | D:9      | Identified a scroll of acquirement
  9215 | D:9      | Got a coiled bronze amulet
  9220 | D:9      | Identified the amulet "Visk" {Str+2 Dex+3 Regen} (You acquired it on level 9 of the Dungeon)
  9453 | D:9      | Reached skill level 12 in Axes
  9554 | D:10     | Entered Level 10 of the Dungeon
  9554 | D:10     | Found a staircase to the Orcish Mines.
  9566 | Orc:1    | Entered Level 1 of the Orcish Mines
  9586 | Orc:1    | Acquired Okawaru's first power
  9801 | Orc:1    | Found Ziotir's Antique Weapon Shoppe.
 10105 | Orc:2    | Noticed a cyclops
 10142 | Orc:2    | Killed a cyclops
 10142 | Orc:2    | Reached XP level 11. HP: 67/67 MP: 16/16
 10481 | Orc:1    | Noticed an orc sorcerer
 10481 | Orc:1    | Noticed an orc knight
 10496 | Orc:2    | Killed an orc knight
 10496 | Orc:2    | Reached skill level 13 in Axes
 10663 | Orc:1    | Noticed a soul eater
 10871 | Orc:1    | Killed an orc sorcerer
 11468 | Orc:3    | Reached skill level 14 in Axes
 11987 | Orc:4    | Entered Level 4 of the Orcish Mines
 12181 | Orc:3    | Found a staircase to the Elven Halls.
 12230 | Orc:3    | Found a burning altar of Makhleb.
 12342 | Orc:3    | Noticed Erica
 12355 | Orc:3    | Killed Erica
 12619 | Orc:4    | Noticed an orc high priest
 12619 | Orc:4    | Noticed Vidiiot's ghost (powerful VSWz)
 12620 | Orc:4    | Noticed an orc sorcerer
 12631 | Orc:3    | Killed an orc high priest
 12670 | Orc:4    | Killed an orc sorcerer
 12675 | Orc:4    | Killed Vidiiot's ghost
 12675 | Orc:4    | Reached skill level 15 in Axes
 12675 | Orc:4    | Reached XP level 12. HP: 60/72 MP: 15/17
 12743 | Orc:4    | Noticed an orc knight
 12971 | D:6      | Got a black opal-studded chain mail
 12984 | D:6      | Identified the cursed +7 chain mail of the Forsaken Curses {Int-2 Dex+3 Slay+2} (You took it off a gnoll on level 6 of the Dungeon)
 13122 | Orc:3    | Killed an orc knight
 13221 | Orc:4    | Noticed an orc knight
 13222 | Orc:4    | Noticed an orc high priest
 13234 | Orc:4    | Killed an orc high priest
 13236 | Orc:4    | Acquired Okawaru's second power
 13243 | Orc:4    | Killed an orc knight
 13249 | Orc:4    | Reached skill level 16 in Axes
 13387 | Orc:4    | Found a roughly hewn altar of Beogh.
 13391 | Orc:4    | Noticed NewYearsCrawler's ghost (powerful FoFi)
 13428 | Orc:4    | Killed NewYearsCrawler's ghost
 13702 | Orc:4    | Noticed an orc knight
 13705 | Orc:4    | Noticed an orc knight
 13713 | Orc:4    | Noticed an orc high priest
 13720 | Orc:4    | Killed an orc knight
 13739 | Orc:4    | Killed an orc high priest
 13741 | Orc:4    | Noticed an orc knight
 13744 | Orc:4    | Noticed an orc high priest
 13744 | Orc:4    | Noticed an orc knight
 13746 | Orc:4    | Noticed an orc knight
 13891 | Orc:3    | Killed an orc knight
 13980 | Orc:3    | Killed an orc knight
 14007 | Orc:3    | Killed an orc knight
 14007 | Orc:3    | Reached skill level 17 in Axes
 14101 | Orc:4    | Killed an orc high priest
 14172 | Orc:4    | Killed an orc knight
 14196 | Orc:4    | Noticed an orc high priest
 14201 | Orc:4    | Noticed a soul eater
 14213 | Orc:4    | Killed an orc high priest
 14213 | Orc:4    | Received a gift from Okawaru
 14213 | Orc:4    | Reached XP level 13. HP: 53/77 MP: 18/18
 14214 | Orc:4    | Got a warped shortbow {god gift}
 14244 | Orc:4    | Identified the +6 shortbow of the Extremes {venom, rN+ Str-4} (Okawaru gifted it to you on level 4 of the Orcish Mines)
 14260 | Orc:4    | Found Zeafrin's Antique Armour Shoppe.
 14260 | Orc:4    | Found Joanyko's Assorted Antiques.
 14260 | Orc:4    | Found Ussah's Assorted Antiques.
 14260 | Orc:4    | Noticed an orc high priest
 14261 | Orc:4    | Found Ipizecur's Weapon Shoppe.
 14268 | Orc:4    | Killed an orc high priest
 14281 | Orc:4    | Bought a scroll labeled SHAIZ KUNAT for 29 gold pieces
 14285 | Orc:4    | Bought 2 potions of heal wounds for 250 gold pieces
 14382 | D:10     | Noticed a tengu warrior
 14416 | D:10     | Killed a tengu warrior
 14625 | D:10     | Reached skill level 18 in Axes
 14708 | D:10     | Noticed a hill giant
 14716 | D:10     | Killed a hill giant
 14743 | D:10     | Lost mutation: Your system is resistant to poisons. [potion of mutation]
 14775 | D:10     | Reached skill level 5 in Armour
 15032 | D:11     | Found a staircase to the Lair.
 15139 | D:11     | Noticed NewYearsCrawler's ghost (powerful FoFi)
 15147 | D:11     | Received a gift from Okawaru
 15154 | D:11     | Killed NewYearsCrawler's ghost
 15367 | D:11     | Found an opulent altar of Gozag.
 15514 | D:11     | Gained mutation: You are somewhat resistant to further mutation. [potion of mutation]
 15592 | D:11     | Noticed asdu's ghost (experienced VSGl)
 15598 | D:11     | Killed asdu's ghost
 16496 | D:12     | Found Fraplugrau's Distillery.
 16504 | D:12     | Bought a potion of curing for 45 gold pieces
 16504 | D:12     | Bought a potion of lignification for 45 gold pieces
 16504 | D:12     | Bought a potion of might for 60 gold pieces
 16504 | D:12     | Bought a potion of cure mutation for 525 gold pieces
 16504 | D:12     | Bought 2 potions of might for 120 gold pieces
 16504 | D:12     | Bought a potion of curing for 45 gold pieces
 16635 | D:13     | Reached skill level 10 in Armour
 16686 | D:13     | Reached XP level 14. HP: 83/83 MP: 19/19
 16768 | D:13     | Received a gift from Okawaru
 16863 | D:13     | Noticed Erolcha
 16870 | D:13     | Killed Erolcha
 16873 | D:13     | Noticed a great orb of eyes
 16883 | D:13     | Killed a great orb of eyes
 16955 | D:13     | Noticed Harold
 16969 | D:13     | Killed Harold
 17079 | D:13     | Noticed Josephine
 17085 | D:13     | Killed Josephine
 17454 | D:14     | Lost mutation: You are agile. (Dex +2) [mutagenic meat]
 17681 | D:14     | Noticed Nessos
 17703 | D:14     | Killed Nessos
 18056 | D:14     | Reached skill level 19 in Axes
 18112 | D:14     | Found a gate to the Vaults.
 18296 | D:15     | Entered Level 15 of the Dungeon
 18309 | D:15     | Received a gift from Okawaru
 18309 | D:15     | Reached XP level 15. HP: 88/88 MP: 8/20
 18330 | D:15     | Got a brightly glowing battleaxe {god gift}
 18331 | D:15     | Identified the +9 battleaxe of the Madman {holy, MR+} (Okawaru gifted it to you on level 15 of the Dungeon)
 18420 | D:15     | Lost mutation: You have an increased reservoir of magic (+10% MP). [mutagenic meat]
 18422 | D:15     | Gained mutation: You possess an exceptional clarity of mind. [mutagenic meat]
 18423 | D:15     | Gained mutation: You have a beak for a mouth. [mutagenic meat]
 18446 | D:15     | Reached skill level 20 in Axes
 18579 | D:15     | Received a gift from Okawaru
 18775 | D:15     | Found a staircase to the Depths.
 18792 | Depths:1 | Entered Level 1 of the Depths
 19171 | D:15     | Gained mutation: Your body is slowly deteriorating. [mutagenic meat]
 19176 | D:15     | Gained mutation: You are highly resistant to hostile enchantments. [mutagenic meat]
 19183 | D:15     | Gained mutation: Your flesh is heat resistant. [mutagenic meat]
 19589 | Lair:1   | Entered Level 1 of the Lair of Beasts
 19644 | Lair:1   | Identified a +0 rod of the swarm (11/11) (You took it off a hill giant on level 15 of the Dungeon)
 19753 | Lair:1   | Received a gift from Okawaru
 20357 | Lair:2   | Reached skill level 21 in Axes
 21539 | Lair:3   | Reached XP level 16. HP: 81/93 MP: 20/20
 23191 | Lair:6   | Found a radiant altar of Vehumet.
 23358 | Lair:6   | Found a staircase to the Snake Pit.
 23397 | Lair:6   | Found a frozen archway.
 23426 | IceCv    | Entered an ice cave
 23545 | IceCv    | Reached skill level 22 in Axes
 23593 | IceCv    | Found an ancient bone altar of Kikubaaqudgha.
 23615 | IceCv    | Received a gift from Okawaru
 23912 | Lair:6   | Found a staircase to the Swamp.
 23918 | Lair:6   | Reached skill level 5 in Fighting
 24121 | Snake:1  | Entered Level 1 of the Snake Pit
 24270 | Lair:6   | Found a staircase to the Slime Pits.
 25023 | Lair:8   | Entered Level 8 of the Lair of Beasts
 26144 | Lair:8   | Reached XP level 17. HP: 114/114 MP: 21/21
 26290 | Lair:8   | Reached skill level 10 in Fighting
 27071 | Snake:1  | Received a gift from Okawaru
 27822 | Snake:2  | Noticed Frances
 27835 | Snake:2  | Killed Frances
 28965 | Snake:4  | Received a gift from Okawaru
 28966 | Snake:4  | Got a smoking shield {god gift}
 28969 | Snake:4  | Identified the +5 shield of Valour {rF+ rC+ rCorr} (Okawaru gifted it to you on level 4 of the Snake Pit)
 28977 | Snake:4  | Reached XP level 18. HP: 119/133 MP: 21/21
 28984 | Snake:4  | Reached skill level 15 in Fighting
 29594 | Snake:5  | Entered Level 5 of the Snake Pit
 29724 | Snake:5  | Noticed Rupert
 29733 | Snake:5  | Killed Rupert
 29768 | Snake:5  | Gained mutation: You have sharp fingernails. [potion of beneficial mutation]
 30159 | Snake:5  | Received a gift from Okawaru
 30524 | Snake:5  | Reached XP level 19. HP: 69/146 MP: 22/22
 30905 | Snake:5  | Got a serpentine rune of Zot
 31396 | Slime:1  | Entered Level 1 of the Pits of Slime
 31495 | Slime:4  | Received a gift from Okawaru
 31704 | Slime:6  | Entered Level 6 of the Pits of Slime
 31829 | Slime:6  | Found a viscous altar of Jiyva.
 31836 | Slime:6  | Noticed the royal jelly
 31883 | Slime:6  | Slain by the royal jelly

Action                   |  1- 3 |  4- 6 |  7- 9 | 10-12 | 13-15 | 16-18 | 19-21 || total
-------------------------+-------+-------+-------+-------+-------+-------+-------++-------
Melee: War axe           |   120 |   215 |   268 |       |       |       |       ||   603
       Battleaxe         |       |       |   211 |   703 |   948 |  1050 |   264 ||  3176
Throw: Javelin           |       |       |       |     2 |       |     3 |       ||     5
Invok: Heroism           |       |       |       |     2 |     1 |     1 |     1 ||     5
 Abil: Dig               |     3 |     2 |     2 |    15 |    15 |    15 |     2 ||    54
Evoke: Rod               |       |       |       |       |     1 |       |       ||     1
       Wand              |       |       |       |       |       |     2 |       ||     2
  Use: Potion            |     5 |     4 |     2 |     6 |     4 |     3 |     2 ||    26
       Scroll            |     5 |       |     4 |     3 |     5 |    11 |     2 ||    30
 Stab: Distracted        |       |       |       |       |       |     1 |       ||     1
  Eat: Chunk             |     3 |     7 |    19 |    29 |    52 |    34 |     3 ||   147
       Fruit             |       |       |     1 |       |       |       |       ||     1
       Beef jerky        |       |       |       |       |       |     1 |       ||     1
       Bread ration      |       |       |       |       |       |       |     1 ||     1
